 Dungeon Crawl Stone Soup version 0.28.0-53-g5a82cb258f (webtiles) character file.

Game seed: 12187200796501720746

4246 Zeld the Thaumaturge (level 10, -12/50 HPs)
             Began as a Deep Elf Conjurer on May 25, 2022.
             Killed from afar by Joseph (18 damage)
             ... with an iceblast
             ... on level 8 of the Dungeon.
             The game lasted 00:13:55 (12147 turns).

Zeld the Thaumaturge (Deep Elf Conjurer)           Turns: 12147, Time: 00:13:55

Health: -12/50     AC:  5    Str:  4    XL:     10   Next: 9%
Magic:  17/29      EV: 12    Int: 28    God:
Gold:   158        SH:  0    Dex: 13    Spells: 19/35 levels left

rFire   . . .      SeeInvis .   (no weapon)
rCold   . . .      Faith    .   (no shield)
rNeg    . . .      Spirit   .   a - +0 robe
rPois   .          Reflect  .   i - +0 helmet
rElec   .          Harm     .   p - +0 cloak
rCorr   .          Rampage  .   (no gloves)
Will    +....                   x - +0 pair of boots
Stlth   ++........              (no amulet)
HPRegen 0.16/turn               (no ring)
MPRegen 0.21/turn               (no ring)

@: no status effects
A: no striking features
a: no special abilities


You were on level 8 of the Dungeon.
You visited 2 branches of the dungeon, and saw 9 of its levels.
You also visited: Sewer.

You collected 508 gold pieces.
You spent 350 gold pieces at shops.

Inventory:

Armour
 a - a +0 robe (worn)
 i - a +0 helmet (worn)
 p - a +0 cloak (worn)
 x - a +0 pair of boots (worn)
Jewellery
 w - a ring of protection from fire
 F - an amulet of the acrobat
Wands
 n - a wand of iceblast (8)
 r - a wand of paralysis (16)
 u - a wand of flame (40)
 y - a wand of acid (17)
Scrolls
 c - a scroll of holy word {unknown}
 d - a scroll of torment {unknown}
 e - 2 scrolls of vulnerability {unknown}
 f - a scroll of summoning {unknown}
 g - 5 scrolls of teleportation {unknown}
 k - a scroll of blinking {unknown}
 l - 2 scrolls of fear {unknown}
 o - 7 scrolls of identify {unknown}
 q - a scroll of enchant weapon {unknown}
 s - a scroll of magic mapping {unknown}
 v - a scroll of fog {unknown}
 E - a scroll of immolation {unknown}
 G - a scroll of brand weapon {unknown}
Potions
 b - 3 potions of curing {unknown}
 h - a potion of attraction {unknown}
 j - 6 potions of flight
 m - 2 potions of haste {unknown}
 t - a potion of lignification {unknown}
 z - a potion of magic
 A - a potion of ambrosia
 B - a potion of mutation
 C - a potion of invisibility
 D - a potion of might {unknown}


   Skills:
 - Level 2.4 Dodging
 - Level 2.4 Stealth
 + Level 13.4 Spellcasting
 + Level 12.0 Conjurations
 - Level 2.0 Hexes
 - Level 2.0 Translocations


You had 19 spell levels left.
You knew the following spells:

 Your Spells              Type           Power      Damage    Failure   Level
a - Magic Dart            Conj           100%       1d8       1%          1
b - Searing Ray           Conj           100%       2d8       1%          2
c - Fulminant Prism       Conj/Hex       27%        3d14      1%          4
d - Iskenderun's Mystic   Conj/Tloc      55%        2d12      1%          4
e - Fireball              Conj/Fire      25%        3d11      7%          5

Your spell library contained the following spells:

 Spells                   Type           Power      Damage    Failure   Level
 Dazzling Flash           Conj/Hex       100%       N/A       1%          3
 Iskenderun's Battlesphe  Conj           72%        2d12      1%          5
 Orb of Destruction       Conj           36%        9d11      17%         7
 Animate Dead             Necr           9%         N/A       28%         4
 Conjure Ball Lightning   Conj/Air       25%        3x3d7     36%         6
 Haunt                    Necr/Summ      9%         N/A       100%        7
 Infestation              Necr           9%         N/A       100%        8


Dungeon Overview and Level Annotations

Branches:
Dungeon (8/15)             Temple (1/1) D:7           Sewer (visited)
   Lair: D:8-11

Altars:
Ashenzari
Cheibriados
Dithmenos
Elyvilon
Fedhas
Gozag
Hepliaklqana
Kikubaaqudgha
Makhleb
Nemelex Xobeh
Okawaru
Ru
Sif Muna
Trog
Wu Jian
Xom
Yredelemnul
Zin
Beogh

Shops:
D:7 !

Annotations:
D:8 Joseph


Message History

Unknown command.
The searing ray hits Joseph!
Joseph is moderately wounded.
Joseph hits you with a +0 quarterstaff!
* * * LOW HITPOINT WARNING * * *
Unknown command.
Unknown command.
Casting: Searing Ray (safe; 1% risk of failure)
Confirm with . or Enter, or press ? or * to list all spells.
You erupt in a blast of force!
The mystic blast hits Joseph!
Joseph is heavily wounded.
Joseph is knocked back by the mystic blast.
Unknown command.
Joseph zaps a wand.
The mass of ice explodes!
The iceblast engulfs you!
* * * LOW HITPOINT WARNING * * *
You see here 19 stones.
You start resting.
Joseph is nearby!
Joseph is nearby!
Joseph closely misses you.
Casting: Iskenderun's Mystic Blast (dangerous; 1% risk of failure)
Confirm with . or Enter, or press ? or * to list all spells.
You erupt in a blast of force!
The mystic blast hits Joseph!
Joseph is severely wounded.
Joseph is knocked back by the mystic blast.
Unknown command.
Unknown command.
Casting: Iskenderun's Mystic Blast (dangerous; 1% risk of failure)
Confirm with . or Enter, or press ? or * to list all spells.
You can't see any susceptible monsters within range! (Use Z to cast anyway.)
Casting: Iskenderun's Mystic Blast (dangerous; 1% risk of failure)
Confirm with . or Enter, or press ? or * to list all spells.
Aiming: Searing Ray (safe; 1% risk of failure)
Press: ? - help, Shift-Dir - straight line, f/p - Joseph
Aim: Joseph, wielding a +0 quarterstaff, wearing a +0 leather armour, quivering sling bullets and carrying a wand of iceblast (5) (severely wounded, 83% to hit)
The searing ray hits Joseph!
Joseph is almost dead. (Press . to maintain the ray.) Joseph zaps a wand.
The mass of ice explodes!
The iceblast engulfs you!!
You die...

>........... ..........
............. ......#....
.............##### ..........
#................. ..........
#...............####......../
###...#.##...................
##..#####...........).......
#....## #.......(#..........
###...###......@##....)....#
#......##.......##....).....
#.........###.#..##..)...$..
#.##.......####@.....@......
...........##....#...........
...........#.....#...#...##..
..........##...###..##..... .
#>......#....## ##.. .....#
#....#.####.# ###..#...#


You could see Joseph.

Vanquished Creatures
  A two-headed ogre (D:6)
  Prince Ribbit (D:7)
  The ghost of hawla the Firebug, an amateur FeFE of Vehumet (D:5)
  2 steam dragons (D:7)
  A water moccasin (D:7)
  Duvessa (D:4)
  2 orc warriors
  A sky beast (D:5)
  4 black bears
  An ice beast (D:5)
  3 ogres
  3 centaurs
  A phantom (D:5)
  2 bullfrogs (D:6)
  A scorpion (D:5)
  A wyvern zombie (D:8)
  Dowan (D:4)
  A water moccasin skeleton (D:5)
  A howler monkey (D:6)
  2 centaur zombies
  A jelly (D:4)
  6 orc priests
  A centaur skeleton (D:3)
  A gnoll shaman (D:8)
  4 hounds
  5 iguanas
  5 orc wizards
  Natasha (thrice) (D:4)
  2 hound skeletons (D:4)
  8 gnolls
  12 adders
  6 river rats
  2 white imps
  2 adder skeletons (D:4)
  4 worms
  26 orcs
  8 endoplasms
  8 giant cockroaches
  6 goblins
  9 hobgoblins
  9 jackals
  6 kobolds
  5 quokkas
  11 ball pythons
  16 bats
  A frilled lizard (Sewer)
  7 rats
205 creatures vanquished.

Vanquished Creatures (others)
  A fulminant prism (D:6)
1 creature vanquished.

Grand Total: 206 creatures vanquished

Notes
Turn   | Place    | Note
-------+----------+-------------------------------------------
     0 | D:1      | Zeld the Deep Elf Conjurer began the quest for the Orb.
     0 | D:1      | Reached XP level 1. HP: 10/10 MP: 6/6
   165 | D:1      | Found a faded altar of an unknown god.
   206 | D:1      | Reached skill level 1 in Hexes
   328 | D:1      | Reached XP level 2. HP: 15/15 MP: 5/8
   330 | D:1      | Reached skill level 1 in Translocations
   333 | D:1      | Learned a level 2 spell: Searing Ray
  1273 | D:2      | Reached XP level 3. HP: 19/19 MP: 7/9
  2343 | D:3      | Reached XP level 4. HP: 24/24 MP: 9/11
  2417 | D:3      | Reached skill level 4 in Spellcasting
  2432 | D:3      | Reached skill level 5 in Conjurations
  2692 | D:3      | Found a glowing drain.
  2726 | D:3      | Reached XP level 5. HP: 14/28 MP: 1/14
  2751 | Sewer    | Entered a sewer
  2963 | Sewer    | Learned a level 4 spell: Fulminant Prism
  2971 | Sewer    | Learned a level 4 spell: Iskenderun's Mystic Blast
  2974 | Sewer    | Reached skill level 5 in Spellcasting
  4425 | D:3      | Noticed an ogre
  4434 | D:3      | Killed an ogre
  4435 | D:3      | Reached skill level 6 in Spellcasting
  4435 | D:3      | Reached XP level 6. HP: 32/32 MP: 10/17
  4440 | D:3      | Identified the +9 hunting sling of the Candle {vorpal,
                  | rPois rN+ Will+}
  5037 | D:3      | Found an iron altar of Okawaru.
  5093 | D:3      | Found a hazy altar of Hepliaklqana.
  5235 | D:4      | Noticed Natasha
  5241 | D:4      | Killed Natasha
  5550 | D:4      | Noticed Duvessa
  5550 | D:4      | Noticed Dowan
  5585 | D:4      | Killed Duvessa
  5586 | D:4      | Reached skill level 7 in Spellcasting
  5586 | D:4      | Reached XP level 7. HP: 5/34 MP: 3/19
  5905 | D:4      | Noticed Natasha
  5916 | D:4      | Killed Natasha
  6267 | D:4      | Found a shimmering blue altar of Sif Muna.
  6592 | D:4      | Reached skill level 8 in Spellcasting
  6886 | D:4      | Noticed Natasha
  6891 | D:4      | Killed Natasha
  7007 | D:4      | Killed Dowan
  7235 | D:5      | Entered Level 5 of the Dungeon
  7272 | D:5      | Found a runed translucent gate.
  7273 | D:5      | Found a runed translucent gate.
  7274 | D:5      | Found a runed translucent gate.
  7275 | D:5      | Noticed hawla's ghost (amateur FeFE)
  7276 | D:5      | Identified the +2 scale mail of the Trout {rC+}
  7319 | D:5      | Reached XP level 8. HP: 14/41 MP: 14/22
  7608 | D:5      | Reached skill level 9 in Spellcasting
  8775 | D:5      | Killed hawla's ghost
  8776 | D:5      | Reached skill level 10 in Spellcasting
  9224 | D:6      | Reached XP level 9. HP: 45/45 MP: 18/25
  9275 | D:6      | Reached skill level 11 in Spellcasting
  9276 | D:6      | Reached skill level 10 in Conjurations
  9340 | D:6      | Noticed a two-headed ogre
  9352 | D:6      | Killed a two-headed ogre
  9356 | D:6      | Reached skill level 12 in Spellcasting
 10366 | D:7      | Found Inireonn's Distillery.
 10374 | D:7      | Bought a potion of magic for 80 gold pieces
 10374 | D:7      | Bought a potion of ambrosia for 80 gold pieces
 10374 | D:7      | Bought a potion of mutation for 80 gold pieces
 10374 | D:7      | Bought a potion of flight for 30 gold pieces
 10374 | D:7      | Bought a potion of invisibility for 80 gold pieces
 10392 | D:7      | Noticed Prince Ribbit
 10403 | D:7      | Killed Prince Ribbit
 10542 | D:7      | Found a broken altar of Ashenzari.
 10553 | D:7      | Reached skill level 13 in Spellcasting
 10671 | D:7      | Found a staircase to the Ecumenical Temple.
 10739 | Temple   | Entered the Ecumenical Temple
 11266 | D:7      | Reached XP level 10. HP: 50/50 MP: 24/29
 11324 | D:7      | Found a broken altar of Ashenzari.
 11441 | D:7      | Found a blossoming altar of Fedhas.
 11976 | D:8      | Learned a level 5 spell: Fireball
 12084 | D:8      | Noticed Joseph
 12147 | D:8      | Killed from afar by Joseph

Illustrated notes

Levels and vault maps discovered:
D:1:      tarquinn_simple_flora_water_e, layout_basic,
          hellmonk_ecumenical_altar_inner_sanctum, minmay_misc_feat_encased,
          minmay_crystal_room, nrook_loot_triangle
D:2:      layout_basic, grunt_decor_one_mirror
D:3:      layout_basic, okawaru_metal_pillars_1_2,
          nicolae_hepliaklqana_hippocampus, portal_sewer_entry_c, st_stairs_12,
          nicolae_concentric_dashed_squares_mild
D:4:      minmay_skewed_foursquare, layout_basic,
          mainiacjoe_overflow_six_doors_small, uniq_duvessa, uniq_natasha
D:5:      layout_basic, biasface_ghost_orc_armoury, serial_co_window_serial,
          co_window_corner_a, co_window_paths_b, co_window_corner_a,
          co_window_paths_a, co_window_paths_b, co_window_corner_a,
          co_window_corner_a, co_window_2corner, co_window_paths_c,
          co_window_cross_3, co_window_broadway_a, co_window_broadway_a,
          co_window_of_opportunity_b, glass_columns_a, glass_columns_c,
          glass_columns_a, glass_columns_b
D:6:      layout_basic
D:7:      layout_basic, fedhas_altar_4, ashenzari_conservatory_becter,
          minmay_temple_entry_slanted, serial_shops, shop,
          kennysheep_flooded_box, uniq_prince_ribbit1
D:8:      layout_cave_pools, grunt_temple_overflow_open, serial_shops, shop,
          minmay_radiant, uniq_joseph
Temple:   cyrus_circular_temple

Skill      XL: |  1  2  3  4  5  6  7  8  9 10 |
---------------+-------------------------------+-----
Hexes          | 1 2 |  2.0
Translocations | 1 2 |  2.0
Spellcasting   | 4 6 7 8 10 13 | 13.4
Conjurations   | 5 6 8 9 11 12 | 12.0
Dodging        | |  2.4
Stealth        | |  2.4

Action                   |  1- 3 |  4- 6 |  7- 9 | 10-12 || total
-------------------------+-------+-------+-------+-------++-------
Melee: Unarmed           |       |    11 |    11 |     3 ||    25
 Cast: Magic Dart        |    62 |    39 |    13 |       ||   114
       Searing Ray       |     3 |    39 |    78 |     4 ||   124
       Iskenderun's Myst |       |     1 |    20 |    20 ||    41
       Fulminant Prism   |       |       |     1 |       ||     1
Armor: Robe              |       |    13 |    31 |     7 ||    51
Dodge: Dodged            |     5 |    30 |    72 |    11 ||   118
